 Dungeon Crawl Stone Soup version 0.20-a0-299-gec7c366 (webtiles) character file.

72 Lochraine the Sneak (level 4, -2/21 HPs)
             Began as a Spriggan Enchanter on Dec 15, 2016.
             Was an Initiate of Makhleb.
             Slain by a vampire bat (3 damage)
             ... on level 1 of the Dungeon.
             The game lasted 00:05:05 (1826 turns).

Lochraine the Sneak (Spriggan Enchanter)            Turns: 1826, Time: 00:05:05

Health: -2/21      AC:  4    Str:  5    XL:     4   Next: 6%
Magic:  10/10      EV: 19    Int: 16    God:    Makhleb [......]
Gold:   112        SH:  0    Dex: 16    Spells: 6/9 levels left

rFire  . . .     SeeInvis +     a - +1 dagger
rCold  . . .     Gourm    .     b - +2 robe
rNeg   . . .     Faith    .     (shield restricted)
rPois  .         Spirit   .     (helmet restricted)
rElec  .         Reflect  .     (no cloak)
rCorr  .         Harm     .     (gloves unavailable)
MR     .....                    (boots unavailable)
Stlth  +++.......               (no amulet)
                                (no ring)
                                (no ring)

@: very slightly contaminated, invisible (expiring), very quick
A: unfitting armour, see invisible, herbivore 3, speed 3, slow metabolism 2
a: Renounce Religion


You were on level 1 of the Dungeon.
You worshipped Makhleb.
Makhleb was noncommittal.
You were not hungry.

You visited 1 branch of the dungeon, and saw 2 of its levels.

You collected 112 gold pieces.

Inventory:

Hand Weapons
 a - a +1 dagger (weapon)
Missiles
 g - 95 stones (quivered)
 l - 2 tomahawks
Armour
 b - a +2 robe (worn)
Scrolls
 e - a scroll of remove curse
 f - a scroll of enchant armour
 h - a scroll of identify
 m - a scroll of teleportation {unknown}
 n - a scroll of enchant weapon {unknown}
Potions
 i - a potion of invisibility
Books
 c - a book of Maledictions

   Spells                             Type                      Level
   a - Corona                         Hexes                        1
   b - Ensorcelled Hibernation        Hexes/Ice                    2
   c - Confuse                        Hexes                        3
   d - Tukima's Dance                 Hexes                        3
   e - Dazzling Spray                 Conjuration/Hexes            3
Comestibles
 d - a bread ration
 j - a royal jelly


   Skills:
 + Level 2.1 Short Blades
 + Level 3.6 Dodging
 + Level 5.2 Stealth
 + Level 3.4 Spellcasting
 + Level 4.2 Hexes
 + Level 0.4 Invocations


You had 6 spell levels left.
You knew the following spells:

 Your Spells              Type           Power        Failure   Level  Hunger
a - Corona                Hex            ###....      3%          1    None
b - Ensorcelled Hibernat  Hex/Ice        #.....       14%         2    ##.....


Dungeon Overview and Level Annotations

Branches:
Dungeon (2/15)

Altars:
Kikubaaqudgha
Makhleb


Innate Abilities, Weirdness & Mutations

You are very small and have problems with some larger weapons.
You are too small for most types of armour.
You have supernaturally acute eyesight. (SInv)
You are a herbivore.
You cover ground extremely quickly.
You need consume almost no food.


Message History

It is a scroll of enchant armour.
Your +1 robe glows green for a moment.
The vampire bat closely misses you.
Okay, then.
Okay, then.
The vampire bat bites you.
* * * LOW HITPOINT WARNING * * *
The vampire bat draws strength from your injuries!
You aren't carrying any items that you can evoke.
Unknown command.
Unknown command.
The vampire bat bites you but does no damage.
The vampire bat bites you.
* * * LOW HITPOINT WARNING * * *
The vampire bat draws strength from your injuries!
Okay, then.
As you read the scroll labeled ROR ZUISOXASONK, it crumbles to dust.
It is a scroll of identify.
e - a scroll of remove curse The vampire bat closely misses you.
The vampire bat bites you.
You die...

##.....##
#...........>....#
##...##
####.########.####
##'## #.# #......#
### #.# #.#
#.##.#.### ..# #.#
#.# #.##.....#
#.###.## #.#
#.####.#.# #.##...##
#.# #......#.#
#.#.....##########.#
########..
#.##............@b.#
###
.....)..############
#.###.### #.# #.#
..# #.# ### #.# #.#
#.# #.#


You could see a vampire bat.

Vanquished Creatures
  Terence (D:1)
  An adder (D:2)
  2 worms (D:2)
  2 dart slugs (D:1)
  A leopard gecko (D:1)
  A bat skeleton (D:2)
  2 bat zombies (D:2)
  2 giant cockroaches
  5 goblins (D:1)
  A hobgoblin (D:1)
  4 bats
  2 kobolds (D:1)
  4 rats
28 creatures vanquished.

Notes
Turn   | Place    | Note
-------+----------+-------------------------------------------
     0 | D:1      | Lochraine the Spriggan Enchanter began the quest for the Orb.
     0 | D:1      | Reached XP level 1. HP: 9/9 MP: 5/5
   303 | D:1      | Reached XP level 2. HP: 11/13 MP: 4/7
   330 | D:1      | Learned a level 2 spell: Ensorcelled Hibernation
  1102 | D:2      | Noticed Terence
  1170 | D:2      | Reached XP level 3. HP: 16/16 MP: 8/8
  1206 | D:2      | Found a burning altar of Makhleb.
  1206 | D:2      | Noticed a blizzard demon
  1210 | D:2      | Noticed a neqoxec
  1210 | D:2      | Noticed a hellwing
  1212 | D:2      | Became a worshipper of Makhleb the Destroyer
  1307 | D:2      | Reached skill level 5 in Stealth
  1328 | D:1      | Killed Terence
  1686 | D:2      | Reached XP level 4. HP: 18/21 MP: 7/10
  1733 | D:2      | Found an ancient bone altar of Kikubaaqudgha.
  1824 | D:1      | HP: 1/21 [vampire bat (1)]
  1826 | D:1      | Slain by a vampire bat

Vault maps used:
D:1:      scummos_arrival_simple_fountains
D:2:      makhleb_altar_promises_db, kennysheep_vampire_church, uniq_terence

Skill      XL: |  1  2  3 |
---------------+----------+-----
Spellcasting   | 3 |  3.4
Hexes          | 4 |  4.2
Stealth        | 5 |  5.2
Short Blades   | 2 |  2.1
Dodging        | |  3.6
Invocations    | |  0.4

Action                   |  1- 3 |  4- 6 || total
-------------------------+-------+-------++-------
Melee: Dagger            |   103 |    44 ||   147
 Cast: Corona            |     9 |     4 ||    13
       Ensorcelled Hiber |    11 |       ||    11
  Use: Potion            |       |     3 ||     3
       Scroll            |       |     2 ||     2
 Stab: Sleeping          |     9 |     2 ||    11
Armor: Robe              |    10 |    22 ||    32
Dodge: Dodged            |    78 |   122 ||   200
